 Dungeon Crawl Stone Soup version 0.25-a0-2-g6559c6c67a (webtiles) character file.

Game seed: 2149755676934993174, levelgen mode: deterministic

89 Kohma the Slinger (level 4, -2/29 HPs)
             Began as a Halfling Hunter on Oct 14, 2019.
             Killed by nerve-wracking pain
             ... invoked by Jessica
              (7 damage)
             ... on level 2 of the Dungeon.
             The game lasted 00:04:33 (1896 turns).

Kohma the Slinger (Halfling Hunter)                 Turns: 1896, Time: 00:04:33

Health: -2/29      AC:  3    Str: 13    XL:     4   Next: 84%
Magic:  4/4        EV: 14    Int:  9    God:
Gold:   97         SH:  0    Dex: 15    Spells: 3/3 levels left

rFire    . . .     SeeInvis .   b - +0 dagger (elec)
rCold    . . .     Gourm    .   (shield restricted)
rNeg     . . .     Faith    .   c - +0 leather armour
rPois    .         Spirit   .   (no helmet)
rElec    .         Reflect  .   (no cloak)
rCorr    .         Harm     .   (no gloves)
MR       .....                  (no boots)
Stlth    ++........             (no amulet)
HPRegen  0.09/turn              (no ring)
MPRegen  0.09/turn              (no ring)

@: lethally poisoned (-2 -> -22)
A: small, mutation resistance 1
a: no special abilities


You were on level 2 of the Dungeon.
You were not hungry.

You visited 1 branch of the dungeon, and saw 2 of its levels.

You collected 97 gold pieces.

Inventory:

Hand Weapons
 a - a +1 hunting sling
 b - a +0 dagger of electrocution (weapon)
Missiles
 d - 38 sling bullets
 e - 147 stones (quivered)
Armour
 c - a +0 leather armour (worn)
Jewellery
 k - a cursed ring of protection from magic {unknown}
Wands
 i - a wand of scattershot (3)
Scrolls
 g - a scroll of amnesia {unknown}
 h - 2 scrolls of identify {unknown}
 l - a scroll of immolation {unknown}
Comestibles
 f - 6 rations
 j - 3 chunks of flesh


   Skills:
 - Level 1.7 Fighting
 + Level 8.5 Slings
 - Level 2.1 Dodging
 - Level 1.1 Stealth


You had 3 spell levels left.
You didn't know any spells.
Your spell library was empty.

Dungeon Overview and Level Annotations

Branches:
Dungeon (2/15)

Altars:

Annotations:
D:2 Jessica


Innate Abilities, Weirdness & Mutations

You are small and have problems with some larger weapons.
You are somewhat resistant to further mutation.


Message History

You are poisoned.
You barely miss Jessica.
You feel sick.
Jessica casts a spell.
Jessica blinks!
Jessica hits you with a +0 dagger of venom.
You are more poisoned.
You feel sick.
Jessica points at you and mumbles some strange words.
Pain shoots through your body!
You feel sick. Jessica misses you.
Jessica hits you with a +0 dagger of venom.
* * * LOW HITPOINT WARNING * * *
You are more poisoned.
You hit Jessica.
Jessica is moderately wounded.
* * * LOW HITPOINT WARNING * * *
You feel sick. Jessica gestures at you while chanting.
Pain shoots through your body!
You die...

....................#.###
.........................
........##...............
.........................
............#######......
............# #......
............# #......
#..........# #......
#......@@..# #......
#......###.# #######
#......# #.# ######## #.#
.#


You could see Jessica.

Vanquished Creatures
  3 adders (D:2)
  An ooze (D:1)
  A leopard gecko (D:1)
  A ball python (D:1)
  4 bats
  A giant cockroach (D:1)
  5 goblins
  5 hobgoblins
  13 jackals
  2 quokkas (D:2)
  5 frilled lizards
  5 kobolds
  6 rats
52 creatures vanquished.

Vanquished Creatures (others)
  4 toadstools (D:1)
4 creatures vanquished.

Grand Total: 56 creatures vanquished

Notes
Turn   | Place    | Note
-------+----------+-------------------------------------------
     0 | D:1      | Kohma the Halfling Hunter began the quest for the Orb.
     0 | D:1      | Reached XP level 1. HP: 14/14 MP: 1/1
     7 | D:1      | Reached skill level 6 in Slings
    15 | D:1      | Reached XP level 2. HP: 19/19 MP: 2/2
   213 | D:1      | Reached skill level 7 in Slings
   213 | D:1      | Reached XP level 3. HP: 24/24 MP: 3/3
  1164 | D:2      | Reached XP level 4. HP: 20/29 MP: 4/4
  1519 | D:2      | Reached skill level 8 in Slings
  1889 | D:2      | Noticed Jessica
  1896 | D:2      | Killed from afar by Jessica

Levels and vault maps discovered:
D:1:      ldierk_water_garden, layout_basic, minmay_misc_feat_more_columns
D:2:      layout_basic, first_ration, minmay_3d_cube, uniq_jessica

Skill      XL: |  1  2  3  4 |
---------------+-------------+-----
Slings         | 6 7 8 |  8.5
Fighting       | |  1.7
Dodging        | |  2.1
Stealth        | |  1.1

Action                   |  1- 3 |  4- 6 || total
-------------------------+-------+-------++-------
Melee: Dagger            |   125 |    55 ||   180
 Fire: Hunting sling     |    11 |       ||    11
 Stab: Sleeping          |     3 |     1 ||     4
       Distracted        |       |     1 ||     1
  Eat: Chunk             |     1 |     2 ||     3
Armor: Leather armour    |    33 |     7 ||    40
Dodge: Dodged            |   104 |    38 ||   142

Table legend:
 A = Non-vault XP
 B = Vault XP
 C = Vault XP percentage of total XP
 D = Non-vault monster count
 E = Vault monster count
 F = Vault count percentage of total count
                 A         B        C        D         E       F
            +---------+---------+-------+---------+---------+-------
      Total |     111 |      17 |  13.3 |      49 |       3 |   5.8
            +---------+---------+-------+---------+---------+-------
        D:1 |      64 |       0 |   0.0 |      33 |       0 |   0.0
        D:2 |      47 |      17 |  26.6 |      16 |       3 |  15.8
            +---------+---------+-------+---------+---------+-------
